 Dungeon Crawl Stone Soup version 0.23.2-1-ga50397a (webtiles) character file.

Game seed: 14498444339531746381

4564 xveg the Slinger (level 10, -7/71 HPs)
             Began as a Halfling Hunter on May 9, 2019.
             Was a Follower of Dithmenos.
             Mangled by a vampire (8 damage)
             ... on level 8 of the Dungeon.
             The game lasted 00:18:57 (7610 turns).

xveg the Slinger (Halfling Hunter)                  Turns: 7610, Time: 00:18:58

Health: -7/71      AC: 13    Str: 20    XL:     10   Next: 67%
Magic:  19/19      EV: 18    Int:  9    God:    Dithmenos [*.....]
Gold:   384        SH:  0    Dex: 21    Spells: 9/9 levels left

rFire    x . .     SeeInvis .   a - +4 hunting sling
rCold    + + +     Gourm    .   z - +1 shield {rC+}
rNeg     . . .     Faith    +   A - +0 ice dragon scales
rPois    .         Spirit   .   (no helmet)
rElec    .         Reflect  .   (no cloak)
rCorr    .         Harm     .   y - +1 pair of gloves
MR       .....                  (no boots)
Stlth    +.........             s - amulet of faith
HPRegen  0.21/turn              o - ring of magical power
MPRegen  0.16/turn              r - +4 ring of strength

@: confused, agile, hasted, wreathed by umbra, very quick
A: small, mutation resistance 1
a: Renounce Religion


You were on level 8 of the Dungeon.
You worshipped Dithmenos.
Dithmenos was aware of your devotion.
You were not hungry.

You visited 1 branch of the dungeon, and saw 8 of its levels.

You collected 384 gold pieces.

Inventory:

Hand Weapons
 a - a +4 hunting sling (weapon)
 b - a +0 short sword
Missiles
 e - 142 stones (quivered)
 v - 3 tomahawks of returning
Armour
 c - a +1 leather armour
 i - a +0 buckler
 n - the +1 robe "Xeoshr Texkiu" {rF+ rC+ SInv}
   (You found it on level 7 of the Dungeon)

   It protects you from fire.
   It protects you from cold.
   It lets you see invisible.
 q - a +0 pair of gloves
 y - a +1 pair of gloves (worn)
 z - a +1 shield of cold resistance (worn)
 A - +0 ice dragon scales (worn)
Jewellery
 o - a ring of magical power (left hand)
 r - a +4 ring of strength (right hand)
 s - an amulet of faith (around neck)
 u - an uncursed amulet of inaccuracy
 w - an uncursed ring of magical power
Wands
 B - a wand of flame (22)
 F - a wand of random effects (23)
Scrolls
 h - 4 scrolls of teleportation
 j - 5 scrolls of identify
 m - a scroll of fog
 p - 9 scrolls of remove curse
 x - 2 scrolls of fear
Potions
 k - a potion of flight
 l - a potion of mutation {unknown}
 C - a potion of invisibility
 D - a potion of agility
Comestibles
 f - 9 rations


   Skills:
 + Level 7.6 Fighting
 + Level 14.1 Slings
 + Level 5.4 Armour
 + Level 5.2 Dodging
 + Level 2.5 Stealth
 + Level 4.1 Shields


You had 9 spell levels left.
You didn't know any spells.
Your spell library contained the following spells:

 Spells                   Type           Power        Failure   Level  Hunger
 Magic Dart               Conj           #...         99%         1    ##.....
 Searing Ray              Conj           #.....       100%        2    ###....
 Dazzling Spray           Conj/Hex       #.....       100%        3    ####...
 Force Lance              Conj/Tloc      #.......     100%        4    #####..
 Fulminant Prism          Conj/Hex       #.........   100%        4    #####..
 Iskenderun's Mystic Bla  Conj           #.......     100%        4    #####..


Dungeon Overview and Level Annotations

Branches:
Dungeon (8/15)             Temple (0/1) D:4
   Lair: D:8-11

Altars:
Dithmenos
Kikubaaqudgha


Innate Abilities, Weirdness & Mutations

You are small and have problems with some larger weapons.
You are somewhat resistant to further mutation.


Message History

You are confused.
You bump into the rock wall.
The vampire gestures at you while chanting.
You resist with some effort.
You bump into the rock wall.
The vampire mumbles some strange words.
The vampire flickers and vanishes!
Deactivating autopickup; reactivate with Ctrl-A.
There is a strange disturbance nearby!
You bump into the rock wall.
You bump into the rock wall.
You're too confused!
Something hits you.
* * * LOW HITPOINT WARNING * * *
Something bites you.
* * * LOW HITPOINT WARNING * * *
Something draws strength from your injuries!
You're too confused!
You bump into the rock wall.
Something hits you!
You die...

#.## #####..#
##.(.## ##...##.#
.....#####....(#.#
...............#.#
(.. #####.....#.#
(.. ##...##.# #)#
##.##..# #(#
#(##@## #.+
#ยง(..# #.# #(####
##.## ##.##
##...## ##...##
#.....#####.....#
#...............#
#.....#####..((.#
##...## ##...##


There were no monsters in sight!

Vanquished Creatures
  A two-headed ogre (D:8)
  An efreet (D:8)
  2 hippogriffs (D:7)
  A shadow (D:8)
  Duvessa (D:6)
  A sky beast (D:7)
  3 orc warriors (D:7)
  2 phantoms
  3 centaurs
  4 ogres
  3 bullfrogs (D:7)
  Dowan (D:6)
  3 scorpions
  4 killer bees (D:7)
  A howler monkey (D:4)
  2 electric eels (D:6)
  5 crimson imps
  2 centaur zombies
  A quasit (D:7)
  A bullfrog zombie (D:5)
  3 hounds (D:5)
  12 orc wizards
  A centaur skeleton (D:5)
  2 iguanas
  A gnoll shaman (D:6)
  3 worker ants
  A howler monkey zombie (D:7)
  14 adders
  4 gnolls (D:6)
  A howler monkey skeleton (D:7)
  2 shadow imps
  An ooze (D:5)
  2 adder skeletons (D:7)
  6 worms
  A dart slug (D:3)
  3 leopard geckos
  26 orcs
  6 giant cockroaches
  11 goblins
  7 hobgoblins
  5 jackals
  9 quokkas
  A ball python (D:1)
  12 bats
  4 frilled lizards
  10 kobolds
  5 rats
195 creatures vanquished.

Vanquished Creatures (others)
  2 fungi (D:8)
  A plant (D:6)
3 creatures vanquished.

Grand Total: 198 creatures vanquished

Notes
Turn   | Place    | Note
-------+----------+-------------------------------------------
     0 | D:1      | xveg the Halfling Hunter began the quest for the Orb.
     0 | D:1      | Reached XP level 1. HP: 14/14 MP: 1/1
    24 | D:1      | Reached skill level 6 in Slings
    79 | D:1      | Reached XP level 2. HP: 17/19 MP: 2/2
   752 | D:1      | Reached XP level 3. HP: 24/24 MP: 3/3
   932 | D:2      | Reached skill level 7 in Slings
   972 | D:2      | Reached XP level 4. HP: 29/29 MP: 4/4
  1024 | D:2      | Noticed a phantom
  1054 | D:2      | Killed a phantom
  1054 | D:2      | Reached skill level 8 in Slings
  1054 | D:2      | Reached XP level 5. HP: 14/35 MP: 5/5
  1829 | D:3      | Reached skill level 9 in Slings
  1829 | D:3      | Reached XP level 6. HP: 41/41 MP: 6/6
  1832 | D:3      | Reached skill level 1 in Armour
  1920 | D:3      | Found an ancient bone altar of Kikubaaqudgha.
  2261 | D:3      | Reached XP level 7. HP: 46/46 MP: 7/7
  2637 | D:4      | Found a staircase to the Ecumenical Temple.
  2662 | D:4      | Reached skill level 10 in Slings
  3249 | D:4      | Reached skill level 11 in Slings
  3304 | D:4      | Reached XP level 8. HP: 52/52 MP: 8/8
  3535 | D:5      | Entered Level 5 of the Dungeon
  3789 | D:5      | Reached skill level 12 in Slings
  4112 | D:5      | Reached skill level 1 in Shields
  5190 | D:6      | Reached XP level 9. HP: 34/59 MP: 9/9
  5199 | D:6      | Found a transporter.
  5294 | D:6      | Found a transporter.
  5384 | D:6      | Noticed Duvessa
  5388 | D:6      | Noticed Dowan
  5418 | D:6      | Killed Duvessa
  5418 | D:6      | Reached skill level 5 in Fighting
  5428 | D:6      | Killed Dowan
  5850 | D:6      | Reached skill level 13 in Slings
  5898 | D:7      | Found a shadowy altar of Dithmenos.
  5918 | D:7      | Became a worshipper of Dithmenos the Shadowed
  6366 | D:7      | Noticed a hippogriff
  6408 | D:7      | Killed a hippogriff
  7021 | D:7      | Noticed a hippogriff
  7027 | D:7      | Killed a hippogriff
  7027 | D:7      | Reached XP level 10. HP: 68/68 MP: 10/10
  7131 | D:7      | Reached * piety under Dithmenos
  7202 | D:7      | Reached skill level 5 in Armour
  7390 | D:7      | Got a sheer robe
  7391 | D:7      | Identified the +1 robe "Xeoshr Texkiu" {rF+ rC+ SInv} (You
                  | found it on level 7 of the Dungeon)
  7438 | D:8      | Noticed a two-headed ogre
  7447 | D:8      | Killed a two-headed ogre
  7447 | D:8      | Reached skill level 5 in Dodging
  7468 | D:8      | Noticed an efreet
  7470 | D:8      | Reached skill level 14 in Slings
  7475 | D:8      | Killed an efreet
  7609 | D:8      | HP: 1/71 [something (4)]
  7610 | D:8      | Mangled by a vampire

Skill      XL: |  1  2  3  4  5  6  7  8  9 10 |
---------------+-------------------------------+-----
Slings         | 6 7 8 9 11 12 13 14 | 14.1
Fighting       | 2 3 4 6 7 |  7.6
Armour         | 1 3 4 5 |  5.4
Shields        | 1 3 4 |  4.1
Stealth        | 2 |  2.5
Dodging        | 3 4 5 |  5.2

Action                   |  1- 3 |  4- 6 |  7- 9 | 10-12 || total
-------------------------+-------+-------+-------+-------++-------
Melee: Short sword       |       |     4 |       |       ||     4
       Hunting sling     |       |     3 |     6 |     1 ||    10
 Fire: Hunting sling     |    77 |   172 |   488 |   119 ||   856
Evoke: Wand              |       |       |       |     1 ||     1
  Use: Scroll            |       |     6 |    10 |     1 ||    17
       Potion            |       |       |    13 |     4 ||    17
  Eat: Chunk             |       |     1 |     2 |       ||     3
       Ration            |       |     1 |     4 |       ||     5
Armor: Leather armour    |     4 |    13 |    13 |       ||    30
       Ice dragon scales |       |       |    24 |    29 ||    53
       Skin              |       |       |    16 |       ||    16
Dodge: Dodged            |    19 |    55 |    78 |    14 ||   166
Block: Buckler           |       |       |    15 |       ||    15
       Shield            |       |       |    49 |    13 ||    62
